Map: Terrasses de Prion

Players

pupu

  • Race: Protoss Protoss
  • League: Gold

DutchY - Winner!

  • Race: Zerg Zerg
  • League: Silver

VOD

Have the link to the VOD?

Description

Time

  • Played on: April 20, 2016, 11:55 a.m.
  • Length: 18:08
Show
View Real Time Build Order
Export as new Build Order

pupu Protoss 

Build Orders:  

Get SALT Encoding   

  12  0:01  Probe (Chrono Boost)  
  13  0:12  Probe (Chrono Boost)  
  14  0:20  Pylon  
  14  0:22  Probe (Chrono Boost)  
  15  0:38  Gateway  
  15  0:43  Probe (Chrono Boost)  
  16  0:54  Probe (Chrono Boost)  
  17  0:58  Forge  
  17  1:04  Probe (Chrono Boost)  
  17  1:06  Assimilator  
  17  1:15  Probe (Chrono Boost)  
  18  1:28  Cybernetics Core, Zealot (Chrono Boost)  
  20  1:46  Photon Cannon  
  20  1:48  Probe  
  21  2:00  Probe  
  22  2:04  Pylon  
  22  2:23  Gateway  
  22  2:24  Gateway  
  22  2:30  Probe  
  22  2:36  Assimilator  
  23  2:43  Pylon  
  23  2:46  Warp Gate (Chrono Boost)  
  23  2:53  Probe  
  24  3:01  Pylon  
  24  3:05  Probe  
  25  3:12  Stalker  
  27  3:14  Stalker  
  27  3:18  Probe  
  30  3:34  Probe  
  31  3:57  Nexus  
  31  4:01  Probe, Pylon  
  32  4:13  Probe, Photon Cannon  
  33  4:25  Probe  
  33  4:29  Robotics Facility  
  34  4:32  Protoss Ground Weapons Level 1 (Chrono Boost)  
  34  4:36  Gateway  
  34  4:46  Probe  
  34  4:52  Adept  
  37  4:56  Adept  
  37  4:58  Probe  
  40  5:02  Adept  
  42  5:12  Probe  
  43  5:15  Probe  
  44  5:21  Warp Prism (Chrono Boost)  
  44  5:24  Probe  
  47  5:29  Adept  
  47  5:34  Stalker  
  51  5:55  Adept x3  
  57  6:04  Stalker  
  57  6:09  Photon Cannon  
  57  6:11  Pylon  
  55  6:14  Pylon  
  55  6:17  Pylon  
  53  6:20  Pylon  
  53  6:23  Pylon  
  53  6:24  Probe x2  
  55  6:35  Adept x2  
  59  6:40  Adept  
  59  6:44  Adept  
  63  6:52  Photon Cannon  
  63  6:56  Photon Cannon  
  62  7:01  Photon Cannon  
  61  7:13  Photon Cannon  
  61  7:15  Photon Cannon  
  61  7:18  Adept x2  
  62  7:31  Immortal (Chrono Boost)  
  62  7:35  Adept  
  68  7:38  Adept  
  66  8:10  Probe x2  
  66  8:12  Photon Cannon  
  62  8:14  Photon Cannon  
  62  8:28  Stalker  
  62  8:29  Stalker x3  
  68  8:42  Probe x2  
  68  8:48  Assimilator  
  70  8:50  Assimilator  
  70  8:53  Photon Cannon  
  70  8:54  Probe, Photon Cannon  
  71  8:57  Photon Cannon  
  71  8:59  Protoss Ground Armor Level 1  
  71  9:00  Probe  
  71  9:02  Stalker x2  
  76  9:06  Probe  
  77  9:15  Stalker  
  77  9:16  Stalker  
  81  9:25  Probe x2  
  83  9:47  Pylon  
  83  9:50  Probe x2  
  83  9:52  Pylon  
  85  9:54  Nexus  
  85  9:57  Pylon  
  85  9:58  Stalker x2  
  89  10:00  Pylon  
  89  10:13  Stalker x2  
  93  10:36  Stalker x3  
  93  10:37  Stalker  
  59  11:19  Stalker x4  
  51  11:47  Stalker x2  
  51  11:48  Stalker x2  
  57  12:00  Gateway  
  57  12:04  Gateway  
  57  12:06  Gateway  
  57  12:08  Gateway  
  56  12:17  Stalker  
  56  12:18  Stalker x3  
  56  12:25  Mothership Core  
  56  12:41  Stalker x2  
  56  12:42  Stalker x2  
  56  12:57  Stalker  
  54  13:00  Stalker  
  54  13:11  Stalker x3  
  60  13:13  Probe  
  60  13:14  Probe  
  60  13:16  Probe  
  63  13:26  Probe x2  
  65  13:31  Probe  
  66  13:38  Probe x2  
  68  13:41  Probe, Assimilator  
  68  13:43  Stalker  
  68  13:44  Stalker x2  
  68  13:45  Stalker  
  77  13:53  Pylon  
  77  13:54  Pylon  
  77  13:57  Probe x2, Pylon  
  79  14:06  Assimilator  
  79  14:11  Sentry x3  
  79  14:12  Sentry  
  87  14:18  Probe x2  
  89  14:31  Pylon  
  89  14:32  Stalker  
  89  14:33  Stalker  
  93  14:39  Stalker  
  95  14:47  Probe  
  95  14:48  Probe x2  
  98  15:06  Nexus  
  98  15:10  Probe x2  
  100  15:16  Stalker  
  100  15:19  Sentry  
  104  15:45  Stalker x3  
  104  15:46  Stalker x2  
  102  16:04  Stalker x3  
  82  16:35  Stalker x3  
  56  16:54  Stalker  
  56  16:57  Stalker  
  56  16:58  Stalker  
  56  17:25  Stalker x2  
  56  17:27  Sentry x2  
Show
View Real Time Build Order
Export as new Build Order

DutchY Zerg - Winner!

Build Orders: Pool First 

Get SALT Encoding   

  12  0:01  Drone  
  13  0:12  Overlord  
  13  0:17  Drone  
  14  0:35  Spawning Pool  
  14  0:39  Drone  
  14  1:07  Drone x2  
  14  1:08  Drone  
  17  1:19  Hatchery  
  17  1:25  Drone  
  17  1:34  Extractor, Drone  
  17  1:42  Extractor, Drone  
  17  1:45  Queen  
  19  1:54  Overlord  
  19  2:02  Drone  
  20  2:13  Overlord  
  21  2:23  Extractor  
  21  2:28  Hatchery  
  19  2:35  Metabolic Boost  
  19  2:39  Roach Warren  
  19  2:42  Evolution Chamber  
  17  2:45  Drone  
  17  2:46  Drone  
  17  2:47  Drone  
  20  2:59  Drone  
  21  3:08  Lair  
  21  3:11  Drone  
  22  3:22  Drone  
  23  3:30  Drone  
  24  3:40  Queen  
  24  3:41  Drone  
  27  3:44  Overlord  
  27  3:54  Drone  
  28  4:02  Drone x4  
  32  4:06  Extractor  
  32  4:09  Drone  
  32  4:11  Drone  
  33  4:19  Spire  
  32  4:25  Overseer  
  32  4:30  Drone x2  
  34  4:31  Drone  
  34  4:35  Extractor  
  34  4:41  Drone  
  34  4:44  Drone x3  
  38  4:50  Infestation Pit  
  37  4:54  Hydralisk Den  
  37  4:58  Drone  
  37  5:03  Drone x3  
  37  5:04  Drone  
  41  5:08  Drone  
  42  5:18  Overlord x2  
  42  5:19  Overlord  
  42  5:35  Mutalisk x3  
  48  5:47  Roach x5  
  57  5:53  Roach x2  
  57  5:54  Roach  
  57  6:17  Mutalisk x2  
  61  6:20  Mutalisk x3  
  67  6:38  Pneumatized Carapace  
  67  6:45  Mutalisk  
  69  7:02  Hatchery  
  64  8:24  Zerg Ground Armor Level 1  
  64  8:25  Muscular Augments  
  64  8:29  Evolution Chamber  
  63  8:44  Hatchery  
  62  8:49  Drone x3  
  62  8:50  Drone  
  62  8:52  Glial Reconstitution  
  66  8:55  Zerg Melee Weapons Level 1  
  66  8:59  Zerg Flyer Weapons Level 1  
  66  9:04  Drone  
  66  9:05  Overlord x2  
  67  9:20  Drone x2  
  67  9:21  Drone  
  70  9:25  Hive  
  70  9:28  Drone x3  
  73  9:44  Extractor  
  68  10:09  Hydralisk x4  
  68  10:10  Hydralisk  
  76  10:15  Roach x5  
  76  10:18  Zerg Missile Weapons Level 1  
  86  10:22  Zergling x2  
  86  10:26  Roach x3  
  93  10:40  Overlord x2  
  90  10:53  Zerg Flyer Armor Level 1  
  76  11:02  Roach  
  76  11:03  Zergling x2, Roach x3  
  76  11:04  Roach x5  
  65  11:22  Roach  
  65  11:25  Queen  
  65  11:26  Zergling x4  
  65  11:38  Roach x2  
  66  11:48  Hatchery  
  69  11:54  Roach x4  
  69  11:57  Hydralisk x3  
  79  12:23  Hydralisk x3  
  79  12:24  Roach x2  
  79  12:25  Roach  
  65  13:10  Drone  
  66  13:17  Overseer  
  66  13:18  Overseer  
  66  13:20  Zergling x4, Overlord  
  66  13:23  Overlord x2  
  66  13:24  Overlord  
  68  13:35  Queen  
  68  13:36  Drone x3  
  73  13:50  Extractor  
  72  14:04  Zerg Ground Armor Level 2  
  72  14:05  Zerg Missile Weapons Level 2  
  72  14:29  Hatchery  
  71  14:33  Ultralisk Cavern  
  71  14:34  Greater Spire  
  71  14:35  Extractor  
  71  14:37  Hatchery  
  68  14:40  Extractor  
  67  14:49  Drone x3  
  70  15:05  Hydralisk x2  
  70  15:06  Hydralisk  
  78  15:21  Roach x3, Hydralisk x3  
  78  15:22  Mutalisk x2  
  78  15:26  Zergling x10  
  97  15:31  Drone  
  83  16:16  Roach x3  
  78  16:44  Hydralisk x5  
  78  16:45  Hydralisk x5  
  92  16:48  Roach x2  
  96  17:25  Viper x2  
  96  17:26  Viper  
  96  17:28  Zergling x4  
  96  17:29  Zergling x2  
  108  17:43  Drone x2  
Tags
 
Add a new tag
Caveats
  • Supply blocks, unpowered buildings, or Contaminate may cause inaccurate times.
  • Supply counts are checked every 10 seconds.